 Dungeon Crawl Stone Soup version 0.28-a0-1613-gdaab1c2f9b (webtiles) character file.

Game seed: 474114601477608959

214 Conn the Firebug (level 5, -3/31 HPs)
             Began as an Octopode Fire Elementalist on Jan 21, 2022.
             Slain by a gnoll (10 damage)
             ... on level 3 of the Dungeon.
             The game lasted 00:04:33 (2062 turns).

Conn the Firebug (Octopode Fire Elementalist)       Turns: 2062, Time: 00:04:34

Health: -3/31      AC:  1    Str:  7    XL:     5   Next: 92%
Magic:  6/9        EV: 13    Int: 19    God:
Gold:   85         SH:  0    Dex: 13    Spells: 9/10 levels left

rFire   . . .      SeeInvis .   d - +0 dagger
rCold   . . .      Faith    .   (no shield)
rNeg    . . .      Spirit   .   (helmet restricted)
rPois   .          Reflect  .   (no amulet)
rElec   .          Harm     .   (no ring)
rCorr   .          Rampage  .   (no ring)
Will    .....                   (no ring)
Stlth   +++.......              (no ring)
HPRegen 0.10/turn               (no ring)
MPRegen 0.11/turn               (no ring)
                                (no ring)
                                (no ring)

@: no status effects
A: almost no armour, amphibious, 8 rings, camouflage 1, gelatinous body 1,
(nimble swimmer 1), tentacles
a: no special abilities


You were on level 3 of the Dungeon.
You visited 1 branch of the dungeon, and saw 3 of its levels.

You collected 85 gold pieces.

Inventory:

Hand Weapons
 d - a +0 dagger (weapon)
Missiles
 m - 6 poisoned darts
Scrolls
 a - a scroll of identify {unknown}
 b - a scroll of enchant armour {unknown}
 e - a scroll of brand weapon {unknown}
 f - a scroll of fog {unknown}
 g - a scroll of noise {unknown}
 h - a scroll of vulnerability {unknown}
 n - a scroll of teleportation {unknown}
Potions
 c - a potion of cancellation {unknown}
 i - 2 potions of berserk rage {unknown}
 j - a potion of curing {unknown}
 k - 2 potions of flight {unknown}
 l - a potion of lignification {unknown}


   Skills:
 + Level 0.1 Fighting
 + Level 0.2 Short Blades
 + Level 2.4 Dodging
 + Level 4.1 Stealth
 + Level 3.3 Spellcasting
 + Level 2.5 Conjurations
 + Level 4.1 Fire Magic


You had 9 spell levels left.
You knew the following spells:

 Your Spells              Type           Power      Damage    Failure   Level
a - Foxfire               Conj/Fire      60%        2x1d7     3%          1

Your spell library contained the following spells:

 Spells                   Type           Power      Damage    Failure   Level
 Scorch                   Fire           36%        2d6       4%          2
 Conjure Flame            Conj/Fire      15%        6-21      11%         3
 Inner Flame              Hex/Fire       11%        N/A       19%         3
 Ensorcelled Hibernation  Hex/Ice        6%         N/A       22%         2
 Passwall                 Tmut/Erth      2%         N/A       22%         2
 Flame Wave               Conj/Fire      15%        2d6       36%         4
 Swiftness                Air            3%         N/A       41%         3
 Summon Forest            Summ/Tloc      1%         N/A       99%         5
 Eringya's Noxious Bog    Tmut/Pois      1%         N/A       100%        6
 Summon Hydra             Summ           1%         N/A       100%        7


Dungeon Overview and Level Annotations

Branches:
Dungeon (3/15)

Altars:
Yredelemnul


Innate Abilities, Weirdness & Mutations

You cannot wear most types of armour.
You are amphibious.
You can wear up to eight rings at the same time.
Your skin changes colour to match your surroundings (Stealth+).
Your rubbery body absorbs attacks. (AC +1, EV +1)
((You are camouflaged when in or above water. (Stealth+)))
You have tentacles for arms and can constrict up to eight enemies at once.


Message History

Casting: Foxfire (safe; 3% risk of failure)
Confirm with . or Enter, or press ? or * to list all spells.
You conjure some foxfire!
The foxfire hits the gnoll.
The gnoll is almost dead.
The foxfire hits the gnoll.
You kill the gnoll!
Your Stealth skill increases to level 4!
You hit the gnoll. Your grab misses the gnoll. Your squeeze misses the gnoll.
The gnoll is lightly wounded.
The foxfire hits the gnoll.
The gnoll is moderately wounded.
The foxfire hits the gnoll.
The gnoll is severely wounded.
A gnoll comes into view. It is wielding a +0 whip.
An endoplasm comes into view.
The gnoll hits you with a +0 whip!
Casting: Foxfire (safe; 3% risk of failure)
Confirm with . or Enter, or press ? or * to list all spells.
You conjure some foxfire!
The gnoll shouts!
A gnoll comes into view. It is wielding a +0 whip.
The gnoll misses you.
Unknown command.
You hit the gnoll but do no damage. You grab the gnoll.
The gnoll is severely wounded.
You constrict the gnoll.
The foxfire hits the gnoll but does no damage.
The gnoll is severely wounded.
The foxfire hits the gnoll.
You kill the gnoll!
Found 19 bolts.
Found a stone staircase leading up.
A quokka comes into view.
Found a trident.
The quokka misses you.
The quokka bites you but does no damage.
The gnoll hits you with a +0 whip!
* * * LOW HITPOINT WARNING * * *
The gnoll hits you with a +0 whip!
You die...

#.####.#####..#
#.....<.......#
#.####.#####..# #.#
##.# #.# #.# #.#
#.#
#.######g+######
#...<.##g.......
##.### #@##.#######
.....)##.g.......(.
.......rg##.#######
#.###.##J...# #
######


You could see 2 gnolls, an endoplasm and a quokka.

Vanquished Creatures
  A bullfrog (D:3)
  Natasha (thrice) (D:2)
  An adder (D:2)
  2 gnolls (D:3)
  2 worms (D:2)
  A dart slug (D:2)
  2 endoplasms
  3 giant cockroaches
  4 goblins
  A hobgoblin (D:2)
  7 jackals (D:1)
  2 quokkas
  2 ball pythons (D:1)
  4 kobolds
  8 rats
43 creatures vanquished.

Vanquished Creatures (others)
  A demonic plant (D:2)
  114 foxfires
115 creatures vanquished.

Grand Total: 158 creatures vanquished

Notes
Turn   | Place    | Note
-------+----------+-------------------------------------------
     0 | D:1      | Conn the Octopode Fire Elementalist began the quest for the
                  | Orb.
     0 | D:1      | Reached XP level 1. HP: 11/11 MP: 3/3
   146 | D:1      | Reached XP level 2. HP: 17/17 MP: 3/5
   975 | D:1      | Reached XP level 3. HP: 21/21 MP: 6/6
  1241 | D:2      | Found a basalt altar of Yredelemnul.
  1281 | D:2      | Noticed Natasha
  1288 | D:2      | Killed Natasha
  1289 | D:2      | Reached XP level 4. HP: 27/27 MP: 7/7
  1455 | D:2      | Found a faded altar of an unknown god.
  1615 | D:2      | Noticed Natasha
  1620 | D:2      | Killed Natasha
  1678 | D:2      | Noticed Natasha
  1687 | D:2      | Killed Natasha
  1688 | D:2      | Reached XP level 5. HP: 26/31 MP: 5/9
  2062 | D:3      | Slain by a gnoll

Illustrated notes

Levels and vault maps discovered:
D:1:      wheals_arrival_shading, layout_basic
D:2:      layout_basic, basic_altar, dreamdust_ecumenical_altar_sealed_demon,
          minivault_24, uniq_natasha
D:3:      layout_loops_ring, minivault_11

Skill      XL: |  1  2  3  4  5 |
---------------+----------------+-----
Stealth        | 3 4 |  4.1
Fire Magic     | 4 |  4.1
Conjurations   | 2 |  2.5
Spellcasting   | 3 |  3.3
Fighting       | |  0.1
Short Blades   | |  0.2
Dodging        | |  2.4

Action                   |  1- 3 |  4- 6 || total
-------------------------+-------+-------++-------
Melee: Unarmed           |     4 |       ||     4
       Constrict         |     9 |     5 ||    14
       Tentacles         |     8 |     3 ||    11
       Dagger            |    26 |    13 ||    39
       Punch             |     1 |       ||     1
 Cast: Foxfire           |    29 |    36 ||    65
 Stab: Sleeping          |     2 |     2 ||     4
Armor: Skin              |     2 |     2 ||     4
Dodge: Dodged            |    20 |    11 ||    31

Table legend: (Time is in decaauts)
 A = Elapsed time spent in this place.
 B = Non-inter-level travel time spent in this place.
 C = Inter-level travel time spent in this place.
 D = Time resting spent in this place.
 E = Time spent auto-exploring this place.
 F = Levels seen in this place.
 G = Mean time per level.
                   A        B        C        D        E       F      G
               +--------+--------+--------+--------+--------+-----+--------+
         Total |   2075 |   2070 |      5 |      0 |   1476 |   3 |  691.7 |
       Dungeon |   2075 |   2070 |      5 |      0 |   1476 |   3 |  691.7 |
               +--------+--------+--------+--------+--------+-----+--------+

Top non-repeatable levels by time:
     D:1: 1101 daAuts
     D:2: 927 daAuts
     D:3: 46 daAuts
